 Dungeon Crawl Stone Soup version 0.31-a0-460-g9e667d4245 (webtiles) character file.

Game seed: 17784447385493221919

2186 RepHenryClay the Cleaver (level 9, -6/75 HPs)
             Began as a Naga Fighter on Aug 5, 2023.
             Was a Follower of Cheibriados.
             Killed by divine providence
             ... invoked by an orc priest
              (16 damage)
             ... on level 7 of the Dungeon.
             The game lasted 00:08:21 (5518 turns).

RepHenryClay the Cleaver (Naga Fighter)             Turns: 5518, Time: 00:08:22

Health: -6/75      AC: 14    Str: 22    XL:     9   Next: 33%
Magic:  9/9        EV: 15    Int: 10    God:    Cheibriados [*.....]
Gold:   355        SH:  5    Dex: 16    Spells: 8/8 levels left

rFire   . . .        a - +1 war axe
rCold   . . .        c - +0 buckler
rNeg    . . .        y - +3 leather armour
rPois   +            e - +1 helmet
rElec   .            l - +0 cloak
rCorr   .            n - +2 pair of gloves
SInv    +            (no barding)
Will    +....        (no amulet)
Stlth   +            f - +5 ring of evasion
HPRegen 0.32/turn    (no ring)
MPRegen 0.11/turn

%: no passive effects
@: very slow
A: AC +3, large, see invisible, deformed body, poison resistance, slowness 2,
spit poison 1, naga tail 1
a: Spit Poison, Renounce Religion, Bend Time


You were on level 7 of the Dungeon.
You worshipped Cheibriados.
Cheibriados was aware of your devotion.
You visited 2 branches of the dungeon, and saw 8 of its levels.
You also visited: Ossuary.

You collected 355 gold pieces.

Inventory:

Hand Weapons
 a - a +1 war axe (weapon)
 u - a +5 flail of protection
Missiles
 w - 2 throwing nets
Armour
 c - a +0 buckler (worn)
 e - a +1 helmet (worn)
 l - a +0 cloak (worn)
 n - a +2 pair of gloves (worn)
 y - a +3 leather armour (worn)
Jewellery
 f - a +5 ring of evasion (left hand)
 k - an amulet of guardian spirit
 v - a +6 ring of intelligence
 x - a +6 ring of intelligence
Scrolls
 b - a scroll of fog {unknown}
 g - a scroll of silence
 h - 4 scrolls of teleportation
 j - a scroll of enchant weapon
 m - a scroll of brand weapon {unknown}
 r - a scroll of fear
 s - 2 scrolls of identify {@r1}
Potions
 d - a potion of might
 i - 4 potions of curing
 o - 2 potions of magic
 p - a potion of mutation
 q - a potion of heal wounds
 t - 4 potions of haste


   Skills:
 - Level 3.1 Fighting
 * Level 11.7 Axes
 - Level 2.5 Armour
 + Level 2.2 Dodging
 - Level 2.8 Shields


You had 8 spell levels left.
You didn't know any spells.
Your spell library contained the following spells:

 Spells                   Type           Power      Damage    Failure   Level
 Portal Projectile        Hex/Tloc       0%         N/A       85%         3
 Summon Guardian Golem    Hex/Summ       0%         N/A       85%         3
 Tukima's Dance           Hex            0%         N/A       85%         3
 Iskenderun's Mystic Bla  Conj/Tloc      0%         2d3       99%         4
 Orb of Destruction       Conj           0%         9d5       100%        7
 Spellforged Servitor     Conj/Summ      0%         N/A       100%        7


Dungeon Overview and Level Annotations

Branches:
Dungeon (7/15)             Temple (1/1) D:6         Ossuary (visited)

Altars:
Ashenzari
Cheibriados
Dithmenos
Elyvilon
Fedhas
Gozag
Hepliaklqana
Kikubaaqudgha
Makhleb
Nemelex Xobeh
Qazlal
Ru
Sif Muna
Trog
Uskayaw
Vehumet
Wu Jian
Xom
Yredelemnul
Zin
The Shining One

Annotations:
D:3 2 transporters, superpeng's ghost, weakling SpCj


Innate Abilities, Weirdness & Mutations

Your serpentine skin is tough. (AC +3)
You have supernaturally acute eyesight. (SInv)
Armour fits poorly on your strangely shaped body.
Your system is resistant to poisons. (rPois)
You cover ground very slowly.
You can spit poison.
You have a snake-like lower body.


Message History

You hit the orc priest but do no damage.
You barely miss the orc wizard. You slash the orc wizard!
You kill the orc wizard!
Cheibriados thoroughly appreciates the change of pace.
The orc wizard misses you.
The orc priest looks braver for a moment.
You hit the orc priest.
The orc priest is lightly wounded.
You closely miss the orc. You barely miss the orc wizard.
You block the orc's attack. The orc wizard barely misses you.
The orc priest hits you with a +0 club.
* * * LOW HITPOINT WARNING * * *
Damage: -1%(-1hp) hp: 31%(23hp) Unknown command.
You hit the orc priest but do no damage.
The orc priest is lightly wounded.
You barely miss the orc. You slash the orc wizard!
You kill the orc wizard!
Cheibriados thoroughly appreciates the change of pace.
You block the orc's attack. The orc priest misses you.
You hit the orc priest but do no damage.
The orc priest is lightly wounded.
You slash the orc!
You kill the orc!
Cheibriados thoroughly appreciates the change of pace.
You block the orc priest's attack.
You hit the orc priest but do no damage.
The orc priest is lightly wounded.
The orc priest closely misses you.
You barely miss the orc priest.
The orc priest is lightly wounded.
The orc priest calls down the wrath of Beogh upon you.
Beogh smites you!
* * * LOW HITPOINT WARNING * * *
Huge Dmg: -18%(-14hp) hp: 14%(10hp)
You barely miss the orc priest.
The orc priest is lightly wounded.
The orc priest calls down the wrath of Beogh upon you.
Beogh smites you!
You die...

... ... .... .....
...##
#.##...##########
#.....o)...(....#
#)@......#.#
###......#.#
#......#.#
#......#.#
########..[...#.#
.......†........#.#
...............>..#
..............#####
.......)......#


You could see an orc priest.

Vanquished Creatures
  Sigmund (D:3)
  Menkaure (D:5)
  2 water moccasins
  Edmund (D:5)
  An orc warrior (D:7)
  2 black bears (D:6)
  An ogre (D:7)
  2 phantoms (D:4)
  A kobold brigand (D:6)
  An elf zombie (Ossuary)
  2 scorpions
  A howler monkey (D:5)
  4 hounds
  3 jellies
  An orc priest (D:6)
  Jessica (D:2)
  4 iguanas
  7 orc wizards
  3 mummies (Ossuary)
  9 adders
  A white imp (D:6)
  An ufetubus (D:5)
  An adder zombie (Ossuary)
  A dart slug (D:1)
  17 orcs
  4 bats
  7 endoplasms
  2 giant cockroaches (D:1)
  6 goblins
  7 hobgoblins
  2 jackals (D:3)
  9 kobolds
  5 quokkas
  12 ball pythons
  2 frilled lizards
  A gnoll zombie (Ossuary)
  4 goblin zombies (Ossuary)
  2 hobgoblin zombies (Ossuary)
  6 kobold zombies (Ossuary)
  2 quokka zombies (Ossuary)
  3 rats
  A rat zombie (Ossuary)
144 creatures vanquished.

Notes
Turn   | Place    | Note
-------+----------+-------------------------------------------
     0 | D:1      | RepHenryClay the Naga Fighter began the quest for the Orb.
     0 | D:1      | Reached XP level 1. HP: 21/21 MP: 1/1
    15 | D:1      | Reached XP level 2. HP: 21/28 MP: 2/2
   274 | D:1      | Reached XP level 3. HP: 32/34 MP: 3/3
   410 | D:1      | Reached skill level 3 in Axes
   789 | D:2      | Found a shadowy altar of Dithmenos.
   800 | D:2      | Noticed Jessica
   805 | D:2      | Reached XP level 4. HP: 42/42 MP: 4/4
   812 | D:2      | Killed Jessica
   813 | D:2      | Reached skill level 4 in Axes
  1418 | D:3      | Reached XP level 5. HP: 27/49 MP: 5/5
  1523 | D:3      | Noticed Sigmund
  1534 | D:3      | Killed Sigmund
  1535 | D:3      | Reached skill level 6 in Axes
  1535 | D:3      | Reached XP level 6. HP: 47/56 MP: 6/6
  1613 | D:3      | Noticed superpeng's ghost (weakling SpCj)
  1685 | D:3      | Found a transporter.
  1703 | D:3      | Found a transporter.
  2307 | D:3      | Found a hazy altar of Hepliaklqana.
  2544 | D:4      | Reached skill level 7 in Axes
  2565 | D:4      | Reached XP level 7. HP: 62/62 MP: 7/7
  2612 | D:4      | Found a glowing golden altar of the Shining One.
  2618 | D:4      | Found a hide-covered altar of Uskayaw.
  2732 | D:4      | Reached skill level 8 in Axes
  3041 | D:5      | Entered Level 5 of the Dungeon
  3220 | D:5      | Found a sand-covered staircase.
  3226 | Ossuary  | Entered an ossuary
  3524 | D:5      | Reached XP level 8. HP: 69/69 MP: 8/8
  3551 | D:5      | Reached skill level 9 in Axes
  3686 | D:5      | Noticed Edmund
  3716 | D:5      | Killed Edmund
  4363 | D:6      | Reached skill level 10 in Axes
  4403 | D:6      | Noticed Menkaure
  4586 | D:5      | Killed Menkaure
  4862 | D:6      | Found a staircase to the Ecumenical Temple.
  4891 | Temple   | Entered the Ecumenical Temple
  4950 | Temple   | Became a worshipper of Cheibriados the Contemplative
  5065 | D:6      | Reached skill level 11 in Axes
  5065 | D:6      | Reached XP level 9. HP: 67/75 MP: 9/9
  5201 | D:6      | Reached skill level 1 in Dodging
  5505 | D:7      | Reached * piety under Cheibriados
  5518 | D:7      | Killed from afar by an orc priest

Illustrated notes

Levels and vault maps discovered:
D:1:      dpeg_arrival_pond, layout_basic
D:2:      wad_pebble_path, layout_basic, basic_altar, dreamdust_wishing_well,
          minmay_misc_feat_cross, minmay_misc_feat_plants, uniq_jessica
D:3:      layout_basic, marbit_many_paths, gammafunk_ghost_abyssal_escape,
          uniq_sigmund
D:4:      layout_cave_pools, jmf_multi_god_temple
D:5:      layout_basic, nicolae_ossuary_entry_plus, uniq_edmund
D:6:      layout_rooms, minmay_temple_entry_gardened_gates,
          grunt_decor_one_mirror, uniq_menkaure
D:7:      layout_basic
Temple:   minmay_crystal_spiral_temple

Skill      XL: |  1  2  3  4  5  6  7  8  9 |
---------------+----------------------------+-----
Axes           | 3 4 6 7 8 11 | 11.7
Dodging        | 2 |  2.2
Fighting       | |  3.1
Armour         | |  2.5
Shields        | |  2.8

Action                     |  1- 3 |  4- 6 |  7- 9 || total
---------------------------+-------+-------+-------++-------
  Melee: War axe           |    86 |   145 |   246 ||   477
Ability: Spit Poison       |       |       |     3 ||     3
    Use: Potion            |       |     1 |     5 ||     6
         Scroll            |       |       |    15 ||    15
 Armour: Scale mail        |    42 |    63 |    54 ||   159
         Leather armour    |       |       |    53 ||    53
         Skin              |       |       |     3 ||     3
  Dodge: Dodged            |    52 |    88 |   171 ||   311
  Block: Buckler           |    21 |    24 |    57 ||   102

Table legend: (Time is in decaauts)
 A = Elapsed time spent in this place.
 B = Non-inter-level travel time spent in this place.
 C = Inter-level travel time spent in this place.
 D = Time resting spent in this place.
 E = Time spent auto-exploring this place.
 F = Levels seen in this place.
 G = Mean time per level.
                   A        B        C        D        E       F      G
               +--------+--------+--------+--------+--------+-----+--------+
         Total |   7198 |   6693 |    505 |    265 |   5180 |   9 |  799.8 |
       Dungeon |   6670 |   6348 |    322 |    265 |   4950 |   7 |  952.9 |
        Temple |    185 |      2 |    183 |      0 |      0 |   1 |  185.0 |
       Ossuary |    342 |    342 |      0 |      0 |    229 |   1 |  342.0 |
               +--------+--------+--------+--------+--------+-----+--------+

Top non-repeatable levels by time:
     D:3: 1521 daAuts
     D:5: 1415 daAuts
     D:6: 1039 daAuts
     D:2: 966 daAuts
     D:4: 809 daAuts
     D:1: 743 daAuts
 Ossuary: 342 daAuts
  Temple: 185 daAuts
     D:7: 175 daAuts
